 Dungeon Crawl Stone Soup version 0.30-a0-782-ge64f9170bb (webtiles) character file.

Game seed: 1551282859840678384

667 mopl the Sneak (level 7, -14/45 HPs)
             Began as an Octopode Brigand on Mar 17, 2023.
             Demolished by a centaur
             ... wielding a +0 flail
              (15 damage)
             ... on level 4 of the Dungeon.
             The game lasted 00:04:52 (3232 turns).

mopl the Sneak (Octopode Brigand)                   Turns: 3232, Time: 00:04:53

Health: -14/45     AC:  1    Str: 10    XL:     7   Next: 57%
Magic:  10/10      EV: 13    Int: 15    God:
Gold:   284        SH:  0    Dex: 14    Spells: 11/11 levels left

rFire   . . .      SeeInvis .    a - +2 dagger
rCold   . . .      Faith    .    (no shield)
rNeg    . . .      Spirit   .    (helmet restricted)
rPois   .          Reflect  .    (no amulet)
rElec   .          Harm     .    (no ring)
rCorr   .          Rampage  .    (no ring)
Will    .....                    (no ring)
Stlth   +++++                    (no ring)
HPRegen 0.27/turn                (no ring)
MPRegen 0.12/turn                (no ring)
                                 (no ring)
                                 (no ring)

@: no status effects
A: almost no armour, amphibious, 8 rings, camouflage 1, gelatinous body 1,
(nimble swimmer 1), tentacles
a: no special abilities


You were on level 4 of the Dungeon.
You visited 1 branch of the dungeon, and saw 5 of its levels.

You collected 284 gold pieces.

Inventory:

Hand Weapons
 a - a +2 dagger (weapon)
Missiles
 b - 10 poisoned darts (quivered)
 c - 3 curare-tipped darts
Wands
 u - a wand of light (6)
Scrolls
 g - 4 scrolls of identify {unknown}
 i - 3 scrolls of amnesia {unknown}
 j - 2 scrolls of enchant armour {unknown}
 l - a scroll of fear {unknown}
 n - a scroll of magic mapping {unknown}
 o - 2 scrolls of vulnerability {unknown}
 q - 2 scrolls of enchant weapon {unknown}
 s - 2 scrolls of fog {unknown}
 t - a scroll of noise {unknown}
Potions
 d - 2 potions of cancellation {unknown}
 e - 2 potions of flight {unknown}
 f - 2 potions of curing {unknown}
 h - 3 potions of attraction {unknown}
 k - a potion of mutation {unknown}
 m - a potion of berserk rage {!q}
 p - a potion of brilliance {unknown}
 r - a potion of might {unknown}
 v - a potion of lignification {unknown}


   Skills:
 + Level 2.7 Fighting
 - Level 4.0 Short Blades
 + Level 4.5 Throwing
 + Level 2.0 Dodging
 + Level 7.8 Stealth
 + Level 2.5 Spellcasting


You had 11 spell levels left.
You didn't know any spells.
Your spell library contained the following spells:

 Spells                   Type           Power      Damage    Failure   Level
 Apportation              Tloc           2%         N/A       22%         1
 Freeze                   Ice            4%         1d3       22%         1
 Necrotise                Necr           4%         1d4       22%         1
 Summon Small Mammal      Summ           4%         N/A       22%         1
 Frozen Ramparts          Ice            2%         1d1       54%         3
 Hailstorm                Conj/Ice       1%         3d3       54%         3


Dungeon Overview and Level Annotations

Branches:
Dungeon (5/15)
 Temple: D:4-7

Altars:

Shops:
D:2 =

Annotations:
D:2 1 runed translucent door, Crazy Yiuf
D:4 dig


Innate Abilities, Weirdness & Mutations

You cannot wear most types of armour.
You are amphibious.
You can wear up to eight rings at the same time.
Your skin changes colour to match your surroundings (Stealth+).
Your rubbery body absorbs attacks. (AC +1, EV +1)
((You are camouflaged when in or above water. (Stealth+)))
You have tentacles for arms and can constrict up to eight enemies at once.


Message History

Done exploring.
Okay, then.
(D) Dungeon
Where to? (Enter - D:3, ? - help)
What level of the Dungeon? (default 1, ? - help)
There is an escape hatch in the ceiling here.
There is a stone staircase leading down here.
You climb downwards.
Level annotation: dig
There is a stone staircase leading up here.
Things that are here:
a +0 robe; a +0 dagger; an orc skeleton The quasit gives a chilling moan.
q - 2 scrolls labelled RAACZAITOSH (gained 1)
A centaur comes into view. It is wielding a +0 flail.
The centaur shouts!
You hit the centaur. You squeeze the centaur.
The centaur is moderately wounded.
The centaur drinks a potion.
The centaur goes berserk!
You hit the centaur but do no damage.
The centaur is moderately wounded.
The centaur hits you with a +0 flail! The centaur kicks you.
The centaur hits you with a +0 flail! The centaur barely misses you.
Okay, then.
Aiming: Bolt of Light
Press: ? - help, Shift-Dir - straight line, f - centaur
Aim: a centaur, wielding a +0 flail (moderately wounded, berserk, 83% to hit)
The bolt of light hits the centaur!
The centaur is heavily wounded.
The centaur is blinded.
The centaur misses you. x2
The centaur hits you with a +0 flail!!
* * * LOW HITPOINT WARNING * * *
The centaur misses you.
Aiming: Bolt of Light
Press: ? - help, Shift-Dir - straight line, f/p - centaur
Aim: a centaur, wielding a +0 flail (heavily wounded, berserk, blind, 83% to hit)
The bolt of light hits the centaur!
The centaur is almost dead.
The centaur hits you with a +0 flail!
You die...

#.# #.# ### #.# ###
########..
#.#####.####.....##.#
#.#....#...#.###.##.#
##.#.#.###......#.##.#
##....##.#.#.#.#.#.##.#
##.....###.##.#.#.#.##.#
.......@...##.#..<..#...
####.#c######.###.#.....
#. #.# #...###. #.
..###.)##5## ##
####..÷#$5$# #....#.∩.#
#..#.#$?.# #..#..##.##
#...##..###.


You could see a centaur (wandering, berserk, blind).

Vanquished Creatures
  Sigmund (D:2)
  A black bear (D:3)
  An ogre (D:4)
  A hound (D:4)
  An orc priest (D:4)
  Terence (D:2)
  An orc wizard (D:4)
  4 gnolls (D:4)
  9 adders
  2 worms
  2 dart slugs (D:1)
  8 orcs
  8 bats
  4 endoplasms
  7 giant cockroaches
  8 goblins
  5 hobgoblins
  7 jackals
  A quokka (D:3)
  4 ball pythons
  4 frilled lizards
  9 kobolds
  5 rats
94 creatures vanquished.

Notes
Turn   | Place    | Note
-------+----------+-------------------------------------------
     0 | D:1      | mopl the Octopode Brigand began the quest for the Orb.
     0 | D:1      | Reached XP level 1. HP: 14/14 MP: 1/1
   158 | D:1      | Reached XP level 2. HP: 12/19 MP: 2/2
   495 | D:1      | Reached XP level 3. HP: 18/24 MP: 3/3
   757 | D:2      | Reached skill level 6 in Stealth
   817 | D:2      | Noticed Terence
   847 | D:2      | Killed Terence
   848 | D:2      | Reached skill level 3 in Short Blades
   848 | D:2      | Reached skill level 3 in Throwing
   848 | D:2      | Reached XP level 4. HP: 29/29 MP: 4/4
   886 | D:2      | Found Qynel's One-of-a-Kind Rings.
  1235 | D:2      | Reached XP level 5. HP: 28/34 MP: 5/5
  1344 | D:2      | Noticed Sigmund
  1347 | D:2      | Killed Sigmund
  1348 | D:2      | Reached skill level 7 in Stealth
  1348 | D:2      | Reached skill level 1 in Spellcasting
  1348 | D:2      | Reached XP level 6. HP: 39/39 MP: 5/8
  1423 | D:2      | Found a runed translucent door.
  1424 | D:2      | Noticed Crazy Yiuf
  1834 | D:3      | Noticed a black bear
  1837 | D:3      | Killed a black bear
  1838 | D:3      | Reached skill level 4 in Short Blades
  1838 | D:3      | Reached skill level 4 in Throwing
  1838 | D:3      | Reached skill level 2 in Spellcasting
  1931 | D:3      | You fall into a shaft and drop 2 floors!
  1931 | D:5      | Entered Level 5 of the Dungeon
  2072 | D:4      | Reached XP level 7. HP: 42/45 MP: 10/10
  2405 | D:4      | HP: 2/45 [orc wizard/magic dart (11)]
  3015 | D:3      | Reached skill level 2 in Dodging
  3231 | D:4      | HP: 1/45 [centaur/+0 flail (18)]
  3232 | D:4      | Demolished by a centaur

Illustrated notes

Levels and vault maps discovered:
D:1:      dpeg_arrival_fog, layout_basic, st_stairs_7, minmay_pentomino_x2
D:2:      layout_basic, nicolae_shop_unique_rings, uniq_sigmund, uniq_terence,
          uniq_crazy_yiuf_cottage
D:3:      layout_loops_ring, hangedman_abyss_or_decor_lesser_grid,
          minmay_quadrilaterals
D:4:      cheibrodos_quashed, layout_loops_corners, uniq_menkaure
D:5:      nicolae_BIG_FREAKIN_CUBE, layout_rooms, serial_demonic,
          serial_demonic_a, serial_demonic_c, serial_demonic_f,
          serial_demonic_e, moated_statue

Skill      XL: |  1  2  3  4  5  6  7 |
---------------+----------------------+-----
Stealth        | 6 7 |  7.8
Short Blades   | 3 4 |  4.0
Throwing       | 3 4 |  4.5
Spellcasting   | 1 2 |  2.5
Dodging        | 2 |  2.0
Fighting       | |  2.7

Action                     |  1- 3 |  4- 6 |  7- 9 || total
---------------------------+-------+-------+-------++-------
  Melee: Dagger            |    63 |    52 |    41 ||   156
         Constrict         |    12 |     8 |     7 ||    27
         Tentacles         |     8 |     6 |     9 ||    23
         Punch             |       |       |     1 ||     1
  Throw: Dart              |     8 |     4 |    10 ||    22
  Evoke: Wand              |       |       |     2 ||     2
   Stab: Sleeping          |    10 |    22 |    12 ||    44
         Distracted        |     1 |       |       ||     1
 Armour: Skin              |     6 |     2 |       ||     8
  Dodge: Dodged            |    26 |    13 |    21 ||    60

Table legend: (Time is in decaauts)
 A = Elapsed time spent in this place.
 B = Non-inter-level travel time spent in this place.
 C = Inter-level travel time spent in this place.
 D = Time resting spent in this place.
 E = Time spent auto-exploring this place.
 F = Levels seen in this place.
 G = Mean time per level.
                   A        B        C        D        E       F      G
               +--------+--------+--------+--------+--------+-----+--------+
         Total |   3203 |   3089 |    114 |    397 |   2012 |   5 |  640.6 |
       Dungeon |   3203 |   3089 |    114 |    397 |   2012 |   5 |  640.6 |
               +--------+--------+--------+--------+--------+-----+--------+

Top non-repeatable levels by time:
     D:3: 995 daAuts
     D:2: 875 daAuts
     D:1: 747 daAuts
     D:4: 575 daAuts
     D:5: 8 daAuts
